 Dungeon Crawl Stone Soup version 0.29.1-12-g30fa7ad0bf (webtiles) character file.

Game seed: 1363146808132456986

1739 wormed the Skirmisher (level 8, -4/42 HPs)
             Began as a Spriggan Hunter on Dec 24, 2022.
             Killed from afar by Maggie (17 damage)
             ... with a bolt of fire
             ... on level 5 of the Dungeon.
             The game lasted 00:24:58 (9532 turns).

wormed the Skirmisher (Spriggan Hunter)             Turns: 9532, Time: 00:24:58

Health: -4/42      AC:  2    Str:  7    XL:     8   Next: 77%
Magic:  14/14      EV: 20    Int: 11    God:
Gold:   200        SH:  0    Dex: 20    Spells: 11/14 levels left

rFire   . . .      SeeInvis +   a - +0 shortbow
rCold   . . .      Faith    .   (shield currently unavailable)
rNeg    . . .      Spirit   .   c - +0 robe
rPois   +          Reflect  .   (helmet restricted)
rElec   .          Harm     .   (no cloak)
rCorr   .          Rampage  .   (gloves unavailable)
Will    +....                   (boots unavailable)
Stlth   +.........              (no amulet)
HPRegen 0.14/turn               e - ring of poison resistance
MPRegen 0.14/turn               (no ring)

@: confused, mesmerised, very quick
A: very small, no large weapons, unfitting armour, see invisible, speed 3
a: no special abilities


You were on level 5 of the Dungeon.
You visited 1 branch of the dungeon, and saw 6 of its levels.

You collected 200 gold pieces.

Inventory:

Hand Weapons
 a - a +0 shortbow (weapon)
 k - a +0 dagger of flaming
 n - a +2 whip of electrocution
 o - a +2 dagger of venom
 x - the +4 quarterstaff of Ashenzari's Outrage {vorpal, rPois Int+2 Stlth+}
   (You found it on level 4 of the Dungeon)

   It inflicts extra damage upon your enemies.
   Int:       It affects your intelligence (+2).
   rPois:     It protects you from poison.
   Stlth:     It makes you more stealthy.
Missiles
 u - a throwing net
Armour
 c - a +0 robe (worn)
Jewellery
 e - a ring of poison resistance (left hand)
 i - a +6 ring of strength
Wands
 s - a wand of iceblast (11)
Scrolls
 b - 3 scrolls of immolation
 l - 2 scrolls of magic mapping {unknown}
 p - a scroll of acquirement {unknown}
 q - 2 scrolls of noise {unknown}
 r - 3 scrolls of identify {unknown}
 t - 2 scrolls of enchant armour {unknown}
 w - a scroll of teleportation {unknown}
 y - 3 scrolls of blinking {unknown}
 B - a scroll of amnesia {unknown}
Potions
 d - 3 potions of mutation {unknown}
 f - 2 potions of curing
 g - 6 potions of attraction {unknown}
 h - a potion of brilliance {unknown}
 j - a potion of degeneration {unknown}
 m - a potion of haste {unknown}
 v - 3 potions of flight {unknown}
 z - 2 potions of berserk rage {unknown}
 A - a potion of heal wounds {unknown}


   Skills:
 + Level 4.2 Fighting
 * Level 8.2 Ranged Weapons
 - Level 5.0 Dodging
 - Level 5.0 Stealth
 + Level 3.8 Spellcasting
 - Level 4.0 Hexes
 - Level 4.0 Translocations


You had 11 spell levels left.
You knew the following spells:

 Your Spells              Type           Power      Damage    Failure   Level
a - Portal Projectile     Hex/Tloc       20%        N/A       14%         3

Your spell library contained the following spells:

 Spells                   Type           Power      Damage    Failure   Level
 Apportation              Tloc           20%        N/A       4%          1
 Blink                    Tloc           20%        N/A       7%          2
 Gell's Gravitas          Tloc           10%        N/A       14%         3
 Lesser Beckoning         Tloc           10%        N/A       14%         3
 Teleport Other           Tloc           10%        N/A       14%         3
 Tukima's Dance           Hex            10%        N/A       14%         3
 Necrotise                Necr           8%         1d4       24%         1
 Summon Small Mammal      Summ           8%         N/A       24%         1
 Summon Guardian Golem    Hex/Summ       6%         N/A       32%         3
 Static Discharge         Conj/Air       2%         3-4/arc   36%         2
 Sublimation of Blood     Necr           2%         N/A       36%         2
 Wereblood                Tmut           2%         N/A       36%         2
 Manifold Assault         Tloc           10%        N/A       78%         5
 Dispel Undead            Necr           2%         3d7       94%         4
 Sticky Flame             Conj/Fire      2%         2d3       94%         4
 Blade Hands              Tmut           1%         N/A       100%        5
 Orb of Destruction       Conj           1%         9d5       100%        7
 Spellforged Servitor     Conj/Summ      1%         N/A       100%        7
 Summon Hydra             Summ           1%         N/A       100%        7


Dungeon Overview and Level Annotations

Branches:
Dungeon (6/15)
 Temple: D:4-7

Altars:
Ashenzari
Trog

Shops:
D:3 (

Annotations:
D:5 Maggie, Menkaure


Innate Abilities, Weirdness & Mutations

You are very small and have problems with some larger weapons.
You are too small for most types of armour.
You have supernaturally acute eyesight. (SInv)
You cover ground extremely quickly. (Speed+++)


Message History

Maggie is severely wounded.
Maggie says, "If you die in the Dungeon, but nobody's around to see it, does it really matter?"
Maggie hits you with a +2 vorpal long sword!
You shoot an arrow. The arrow hits Maggie!
Maggie is almost dead.
Maggie casts a spell.
Maggie attempts to bespell you!
You are mesmerised by Maggie!
You shoot an arrow. The arrow hits Maggie.
Maggie is almost dead.
Maggie zaps a wand.
Your will is overpowered!
You are confused.
You are too confused!
You are too confused!
You are too confused!
Non-targeted confused fire: a) +0 shortbow
Press: ? - help, Q - select action, (/) - cycle Dir - look around, f - activate You shoot an arrow.
Maggie misses you.
Non-targeted confused fire: a) +0 shortbow
Press: ? - help, Q - select action, (/) - cycle Dir - look around, f - activate Look: Maggie, wielding a +2 vorpal long sword, wearing +0 swamp dragon scales and carrying a wand of charming (4) (almost dead, mesmerising)
You shoot an arrow.
Maggie gestures wildly while chanting.
Maggie draws you further into her thrall.
Non-targeted confused fire: a) +0 shortbow
Press: ? - help, Q - select action, (/) - cycle Dir - look around, f - activate Look: Maggie, wielding a +2 vorpal long sword, wearing +0 swamp dragon scales and carrying a wand of charming (4) (almost dead, mesmerising)
You shoot an arrow.
The arrow hits Maggie but does no damage.
Maggie is almost dead.
Maggie zaps a wand.
You resist with almost no effort.
Non-targeted confused fire: a) +0 shortbow
Press: ? - help, Q - select action, (/) - cycle Dir - look around, f - activate Look: Maggie, wielding a +2 vorpal long sword, wearing +0 swamp dragon scales and carrying a wand of charming (3) (almost dead, mesmerising)
You shoot an arrow.
Maggie hits you with a +2 vorpal long sword!
Maggie gestures at you while chanting. The bolt of fire hits you!
You die...

....#..........'...#...........#.
....#..........#...#...........#.
....#.....##...#...#...........#.
....########...#...#...........#.
....#.....##...###.#...........#.
....#.....##..[###.#####.......#.
....#......#.....#.....#.......#.
....'......'....)#.....'.......#.
....#......#...@@#.....#.......'.
....#.....##...######..#.......##
....#.....########.##..#.........
....#..........#.......'.........
....#..................#.........
....#.....##'#....######.........
....#.....#....####.........#####
....#.....'....# #.........# #
#####.....#....# #.........# #


You could see Maggie (mesmerising).

Vanquished Creatures
  Prince Ribbit (D:5)
  Sigmund (D:5)
  A water moccasin (D:5)
  A black bear (D:4)
  An ogre (D:4)
  3 scorpions
  A jelly (D:6)
  3 hounds (D:5)
  A gnoll bouda (D:4)
  7 orc priests
  Terence (D:2)
  2 iguanas (D:4)
  Natasha (thrice) (D:3)
  8 orc wizards
  4 adders
  4 gnolls
  A white imp (D:6)
  A worm (D:3)
  4 dart slugs
  25 orcs
  4 ball pythons
  7 bats
  An endoplasm (D:2)
  4 giant cockroaches
  7 goblins
  6 hobgoblins
  7 jackals
  5 quokkas
  5 frilled lizards
  7 kobolds
  4 rats
130 creatures vanquished.

Notes
Turn   | Place    | Note
-------+----------+-------------------------------------------
     0 | D:1      | wormed the Spriggan Hunter began the quest for the Orb.
     0 | D:1      | Reached XP level 1. HP: 10/10 MP: 2/2
   151 | D:1      | Reached XP level 2. HP: 15/15 MP: 3/3
   458 | D:1      | Reached XP level 3. HP: 13/18 MP: 4/4
   622 | D:1      | Found a faded altar of an unknown god.
   714 | D:1      | You fall into a shaft and drop 1 floor!
  1780 | D:2      | Reached XP level 4. HP: 23/23 MP: 5/5
  2193 | D:3      | Noticed Terence
  2273 | D:2      | Killed Terence
  2274 | D:2      | Reached skill level 5 in Ranged Weapons
  2284 | D:2      | Learned a level 3 spell: Portal Projectile
  2407 | D:2      | Reached XP level 5. HP: 27/27 MP: 6/6
  2474 | D:3      | Found Nudabul's Weapon Shoppe.
  2493 | D:3      | Found a broken altar of Ashenzari.
  2755 | D:3      | Reached skill level 1 in Hexes
  2821 | D:3      | Reached skill level 1 in Translocations
  3000 | D:4      | Noticed Natasha
  3235 | D:3      | Killed Natasha
  3237 | D:3      | Noticed Natasha
  3552 | D:3      | Killed Natasha
  3553 | D:3      | Reached XP level 6. HP: 27/32 MP: 7/7
  3608 | D:3      | Noticed Natasha
  3631 | D:3      | Killed Natasha
  4660 | D:3      | Reached XP level 7. HP: 27/35 MP: 8/8
  4882 | D:3      | Reached skill level 6 in Ranged Weapons
  5553 | D:4      | Reached skill level 5 in Dodging
  5553 | D:4      | Reached skill level 5 in Stealth
  5761 | D:4      | Identified the +4 quarterstaff of Ashenzari's Outrage
                  | {vorpal, rPois Int+2 Stlth+}
  6139 | D:5      | Entered Level 5 of the Dungeon
  6460 | D:5      | Noticed Sigmund
  6488 | D:5      | Noticed Prince Ribbit
  6775 | D:5      | Found a bloodstained altar of Trog.
  7267 | D:5      | Killed Prince Ribbit
  7268 | D:5      | Reached skill level 1 in Spellcasting
  7268 | D:5      | Reached XP level 8. HP: 20/40 MP: 9/11
  7810 | D:5      | Killed Sigmund
  7811 | D:5      | Reached skill level 7 in Ranged Weapons
  8804 | D:6      | Noticed Menkaure
  8816 | D:5      | Reached skill level 8 in Ranged Weapons
  9515 | D:6      | Noticed Maggie
  9532 | D:5      | Killed from afar by Maggie

Illustrated notes

Levels and vault maps discovered:
D:1:      shiori_arrival_oz, layout_basic,
          hellmonk_ecumenical_altar_inner_sanctum,
          hangedman_abyss_or_decor_stabs, st_stairs_2, serial_bayou_pond_c
D:2:      layout_basic, minmay_3d_cube
D:3:      layout_rooms, mainiacjoe_overflow_alcove_1, serial_shops, shop,
          chequers_serial_rivers_small_b, uniq_terence
D:4:      layout_cave_pods, serial_glass, glass_columns_b, glass_columns_b,
          glass_columns_a, glass_columns_a, uniq_natasha
D:5:      layout_gridville, lemuel_round_altar, uniq_prince_ribbit1,
          uniq_sigmund
D:6:      layout_cave_pools, nicolae_wu_jian_wuxing_cycle,
          minmay_fractal_squares_5, uniq_maggie, uniq_menkaure

Skill      XL: |  1  2  3  4  5  6  7  8 |
---------------+-------------------------+-----
Stealth        | 2 3 4 5 |  5.0
Dodging        | 3 4 5 |  5.0
Fighting       | 2 3 4 |  4.2
Ranged Weapons | 5 6 8 |  8.2
Hexes          | 1 2 3 4 |  4.0
Translocations | 1 2 4 |  4.0
Spellcasting   | 1 3 |  3.8

Action                   |  1- 3 |  4- 6 |  7- 9 || total
-------------------------+-------+-------+-------++-------
Melee: Shortbow          |       |       |     1 ||     1
 Fire: Shortbow          |   103 |   217 |   285 ||   605
Armor: Robe              |     6 |     1 |     5 ||    12
Dodge: Dodged            |    31 |    32 |   101 ||   164
